 Dungeon Crawl Stone Soup version 0.29-a0-791-ga0f254aafb (webtiles) character file.

Game seed: 10009851247480396422

7422 27snakeeyes612 the Fighter (level 10, -5/139 HPs)
             Began as a Minotaur Berserker on July 3, 2022.
             Was an Elder of Trog.
             Slain by a boulder beetle (19 damage)
             ... on level 9 of the Dungeon.
             The game lasted 00:08:48 (10901 turns).

27snakeeyes612 the Fighter (Minotaur Berserker)    Turns: 10901, Time: 00:08:48

Health: -5/139     AC: 15    Str: 38    XL:     10   Next: 93%
Magic:  9/9        EV: 11    Int:  6    God:    Trog [****..]
Gold:   395        SH:  7    Dex:  9    Spells: 9/9 levels left

rFire   . . .      SeeInvis .   v - +11 mace "Doulauk" {freeze, rCorr Int+2}
rCold   . . .      Faith    .   q - +2 buckler of Ignis's Envy {Str+8}
rNeg    . . .      Spirit   .   p - +1 chain mail
rPois   .          Reflect  .   (helmet restricted)
rElec   .          Harm     .   (no cloak)
rCorr   +          Rampage  .   z - +1 pair of gloves {Str+3}
Will    .....                   (no boots)
Stlth   ..........              (no amulet)
HPRegen 0.33/turn               (no ring)
MPRegen 0.11/turn               (no ring)

@: berserking, very quick
A: horns 2, retaliatory headbutt
a: Renounce Religion, Berserk, Trog's Hand, Brothers in Arms


You were on level 9 of the Dungeon.
You worshipped Trog.
Trog was greatly pleased with you.
You visited 1 branch of the dungeon, and saw 9 of its levels.
You also visited: Bailey.

You collected 395 gold pieces.

Inventory:

Hand Weapons
 a - a +1 hand axe of freezing
 v - the +11 mace "Doulauk" (weapon) {freeze, rCorr Int+2}
   (You found it on level 6 of the Dungeon)

   It freezes those it strikes, dealing additional cold damage.
   It can also slow down cold-blooded creatures.
   Int:       It affects your intelligence (+2).
   rCorr:     It protects you from acid and corrosion.
 x - a +2 vorpal morningstar
Missiles
 y - 3 throwing nets (quivered)
Armour
 b - a +0 animal skin
 d - a +0 pair of gloves
 p - a +1 chain mail (worn)
 q - the +2 buckler of Ignis's Envy (worn) {Str+8}
   (You acquired it on level 5 of the Dungeon)

   Str:       It affects your strength (+8).
 z - a +1 pair of gloves of strength (worn)
Jewellery
 C - a ring of resist corrosion
Wands
 i - a wand of polymorph (21)
 A - a wand of iceblast (9)
Scrolls
 e - 5 scrolls of teleportation
 g - 3 scrolls of amnesia
 h - 2 scrolls of magic mapping
 l - a scroll of poison
 m - 3 scrolls of identify
 o - 3 scrolls of enchant weapon
 s - 3 scrolls of blinking
 B - a scroll of enchant armour
Potions
 c - 8 potions of haste
 f - 2 potions of might
 j - a potion of resistance
 k - 5 potions of curing
 n - 2 potions of brilliance
 r - 17 potions of degeneration
 t - 2 potions of mutation
 u - a potion of heal wounds
 w - a potion of ambrosia


   Skills:
 + Level 10.2 Fighting
 - Level 7.7(8.8) Axes
 + Level 6.4(8.2) Maces & Flails
 + Level 9.8 Armour
 + Level 8.9 Dodging
 + Level 7.1 Shields


You had 9 spell levels left.
You didn't know any spells.
Your spell library was empty.

Dungeon Overview and Level Annotations

Branches:
Dungeon (9/15)             Temple (0/1) D:6          Bailey (visited)
   Lair: D:8-11         Orc: D:9-12

Altars:
Dithmenos
Okawaru
Sif Muna
Uskayaw
Zin
The Shining One

Annotations:
D:5 2 transporters, Malachi's ghost, novice DsBr
D:8 3 runed translucent doors, exclusions: oklob plant and oklob sapling, Smoky173's ghost, novice DrGl


Innate Abilities, Weirdness & Mutations

You have a pair of horns on your head.
You reflexively headbutt those who attack you in melee.


Message History

Trog accepts your kill. Something hits you but does no damage.
You barely miss the boulder beetle. The boulder beetle hits you!!!
The boulder beetle stops rolling and uncurls.
You hear some strange, mumbled words.
You are confused.
You are too injured to fight recklessly!
You are too injured to fight recklessly!
You are too injured to fight recklessly!
You are too injured to fight recklessly!
You are too injured to fight recklessly!
You are too injured to fight recklessly!
You are too injured to fight recklessly!
You are too injured to fight recklessly!
You are too injured to fight recklessly!
You are too injured to fight recklessly!
You are too injured to fight recklessly!
You are too injured to fight recklessly!
You are too injured to fight recklessly!
You are too injured to fight recklessly!
You are too injured to fight recklessly!
You are too confused!
The boulder beetle curls into a ball and begins rolling!
Okay, then.
Something hits you. The boulder beetle hits you!
The boulder beetle stops rolling and uncurls.
You feel less confused.
The boulder beetle curls into a ball and begins rolling!
A red film seems to cover your vision as you go berserk!
You feel yourself moving faster!
You feel mighty!
You hear some strange, mumbled words.
A magic dart appears from out of thin air!
The magic dart hits you. The boulder beetle hits you!!
* * * LOW HITPOINT WARNING * * *
The boulder beetle stops rolling and uncurls.
You miss something. Your headbutt misses something.
You hit the boulder beetle but do no damage.
The boulder beetle bites you!!
You die...

##.......###################
...[..).........>...........
............................
................#...........
.....>......................
................_...........
...................)))......
................#B°......[..
##.......######.@{.#########
#.......# ###### #.......#
#.......# .......


You could see a boulder beetle.

Vanquished Creatures
  A two-headed ogre (D:8)
  A sixfirhy (D:7)
  Joseph (D:7)
  Grinder (D:5)
  2 wyverns
  6 yaks (D:8)
  A steam dragon (D:8)
  A water moccasin (D:8)
  An orc warrior (D:6)
  3 black bears
  An ice beast (D:7)
  A sky beast (D:7)
  6 wolves (Bailey)
  A centaur (D:6)
  2 kobold brigands
  A phantom (D:4)
  2 bullfrogs (D:8)
  4 scorpions
  7 gnoll sergeants (Bailey)
  13 wights
  11 killer bees
  6 hounds
  2 jellies
  3 orc priests
  6 boudas (Bailey)
  3 iguanas
  5 orc wizards
  16 adders
  20 gnolls
  2 dart slugs
  27 orcs
  15 ball pythons
  7 bats
  8 endoplasms
  A giant cockroach (D:4)
  9 goblins
  8 hobgoblins
  2 jackals (D:1)
  5 quokkas
  3 frilled lizards
  12 kobolds
  3 rats
230 creatures vanquished.

Vanquished Creatures (others)
  An orc wizard (D:4)
  14 plants
15 creatures vanquished.

Grand Total: 245 creatures vanquished

Notes
Turn   | Place    | Note
-------+----------+-------------------------------------------
     0 | D:1      | 27snakeeyes612 the Minotaur Berserker began the quest for
                  | the Orb.
     0 | D:1      | Reached XP level 1. HP: 19/19 MP: 0/0
   213 | D:1      | Found a faded altar of an unknown god.
   334 | D:1      | Reached XP level 2. HP: 27/27 MP: 1/1
   905 | D:1      | Reached skill level 4 in Fighting
   984 | D:2      | Reached XP level 3. HP: 29/33 MP: 2/2
  1029 | D:2      | Reached ** piety under Trog
  1415 | D:2      | Reached XP level 4. HP: 41/41 MP: 3/3
  2444 | D:3      | Found a shadowy altar of Dithmenos.
  2458 | D:3      | Reached XP level 5. HP: 40/47 MP: 4/4
  3194 | D:4      | Reached skill level 5 in Fighting
  3194 | D:4      | Reached skill level 5 in Axes
  3210 | D:4      | Reached XP level 6. HP: 19/56 MP: 5/5
  3864 | D:4      | Reached *** piety under Trog
  4298 | D:4      | Reached skill level 5 in Armour
  4298 | D:4      | Reached XP level 7. HP: 62/62 MP: 6/6
  4329 | D:5      | Entered Level 5 of the Dungeon
  4659 | D:5      | Reached skill level 6 in Fighting
  4663 | D:5      | Noticed Grinder
  4684 | D:5      | Paralysed by Grinder for 4 turns
  4692 | D:5      | HP: 3/63 [poisoned by an adder]
  4693 | D:5      | Paralysed by Grinder for 4 turns
  4706 | D:5      | Killed Grinder
  4707 | D:5      | Reached skill level 5 in Dodging
  4964 | D:5      | Found a glowing silver altar of Zin.
  4964 | D:5      | Found a hide-covered altar of Uskayaw.
  5102 | D:5      | Noticed a hornet
  5110 | D:5      | Noticed Malachi's ghost (novice DsBr)
  5136 | D:5      | Found a transporter.
  5147 | D:5      | Reached XP level 8. HP: 32/68 MP: 7/7
  5148 | D:5      | Found a transporter.
  5502 | D:5      | Found a glowing golden altar of the Shining One.
  5570 | D:5      | Reached skill level 7 in Fighting
  5806 | D:5      | Identified a scroll of acquirement
  5806 | D:5      | Acquired the +2 buckler of Ignis's Envy {Str+8}
  5890 | D:6      | Reached skill level 1 in Shields
  6365 | D:6      | Identified the +11 mace "Doulauk" {freeze, rCorr Int+2}
  6393 | D:6      | Found a staircase to the Ecumenical Temple.
  6706 | D:6      | You fall into a shaft and drop 2 floors!
  6709 | D:8      | Found a runed translucent gate.
  6710 | D:8      | Found a runed translucent gate.
  6710 | D:8      | Noticed Smoky173's ghost (novice DrGl)
  6711 | D:8      | Found a runed translucent gate.
  6753 | D:8      | Reached skill level 1 in Maces & Flails
  6753 | D:8      | Reached XP level 9. HP: 76/81 MP: 8/8
  6800 | D:8      | Reached skill level 8 in Fighting
  7238 | D:7      | Noticed Joseph
  7244 | D:7      | Killed Joseph
  7541 | D:7      | Found a flagged portal.
  7552 | Bailey   | Entered a bailey
  7656 | Bailey   | Reached skill level 5 in Shields
  8069 | Bailey   | Reached skill level 9 in Fighting
  8069 | Bailey   | Reached **** piety under Trog
  8090 | Bailey   | Reached XP level 10. HP: 58/91 MP: 9/9
  8872 | D:7      | Noticed a sixfirhy
  8873 | D:7      | Found a runed translucent door.
  9250 | D:7      | Killed a sixfirhy
  9251 | D:7      | Reached skill level 5 in Maces & Flails
  9872 | D:8      | Noticed an oklob plant
 10038 | D:8      | Found an iron altar of Okawaru.
 10450 | D:9      | Noticed a two-headed ogre
 10576 | D:8      | Reached skill level 10 in Fighting
 10580 | D:8      | Killed a two-headed ogre
 10871 | D:9      | Found a shimmering blue altar of Sif Muna.
 10885 | D:9      | Noticed a boulder beetle
 10901 | D:9      | Slain by a boulder beetle

Illustrated notes

Levels and vault maps discovered:
D:1:      kennysheep_arrival_forest, layout_basic,
          chequers_ecumenical_altar_simple, st_stairs_7, minmay_door_square
D:2:      layout_basic, kennysheep_pointless_box
D:3:      layout_basic, nicolae_dithmenos_shadow_blocks
D:4:      layout_loops_ring
D:5:      layout_rooms, mainiacjoe_overflow_cross_hatched,
          gammafunk_temple_overflow_wave, gammafunk_ghost_hive,
          grunt_ministairs_2, nrook_pool_corridor, uniq_grinder
D:6:      layout_basic, temple_statues, serial_shops, shop_statue, uniq_maggie
D:7:      cheibrodos_shockbox, layout_basic, enter_bailey_7, uniq_joseph
D:8:      layout_layer_cave, kennysheep_mini, biasface_ghost_orc_armoury,
          introduction_to_nature_2
D:9:      layout_cross, gammafunk_temple_overflow_arena,
          mainiacjoe_overflow_tiny_flanked, kennysheep_little_box

Skill      XL: |  1  2  3  4  5  6  7  8  9 10 |
---------------+-------------------------------+-----
Axes           | 4 5 6 7 |  7.7
Fighting       | 4 5 6 7 9 10 | 10.2
Armour         | 3 4 5 6 7 8 9 |  9.8
Dodging        | 3 4 5 6 7 8 |  8.9
Shields        | 2 5 7 |  7.1
Maces & Flails | 1 4 6 |  6.4

Action                   |  1- 3 |  4- 6 |  7- 9 | 10-12 || total
-------------------------+-------+-------+-------+-------++-------
Melee: Hand axe          |    52 |   158 |   103 |       ||   313
       Headbutt          |    12 |    24 |    35 |    10 ||    81
       Punch             |       |     2 |     1 |       ||     3
       Mace              |       |       |   105 |   111 ||   216
Invok: Berserk           |       |     2 |     8 |     4 ||    14
       Trog's Hand       |       |       |     3 |     1 ||     4
  Use: Scroll            |       |       |    17 |       ||    17
       Potion            |       |       |     3 |     1 ||     4
 Stab: Sleeping          |       |     1 |       |       ||     1
Armor: Animal skin       |     9 |     9 |       |       ||    18
       Chain mail        |       |    41 |   136 |    64 ||   241
Dodge: Dodged            |    38 |    66 |   138 |    98 ||   340
Block: Buckler           |       |       |    63 |    70 ||   133

Table legend: (Time is in decaauts)
 A = Elapsed time spent in this place.
 B = Non-inter-level travel time spent in this place.
 C = Inter-level travel time spent in this place.
 D = Time resting spent in this place.
 E = Time spent auto-exploring this place.
 F = Levels seen in this place.
 G = Mean time per level.
                   A        B        C        D        E       F      G
               +--------+--------+--------+--------+--------+-----+--------+
         Total |  11037 |  10793 |    244 |   1613 |   7703 |  10 | 1103.7 |
       Dungeon |   9836 |   9592 |    244 |    942 |   7389 |   9 | 1092.9 |
        Bailey |   1201 |   1201 |      0 |    671 |    314 |   1 | 1201.0 |
               +--------+--------+--------+--------+--------+-----+--------+

Top non-repeatable levels by time:
     D:8: 1747 daAuts
     D:5: 1403 daAuts
     D:4: 1324 daAuts
     D:7: 1239 daAuts
  Bailey: 1201 daAuts
     D:3: 1174 daAuts
     D:2: 1011 daAuts
     D:1: 968 daAuts
     D:6: 890 daAuts
     D:9: 77 daAuts
